Map: Coda EC

Players

Slaapy

  • Race: Protoss Protoss

AgCl - Winner!

  • Race: Protoss Protoss

VOD

Have the link to the VOD?

Description

Time

  • Played on: May 16, 2015, 7:25 p.m.
  • Length: 18:43
Show
View Real Time Build Order
Export as new Build Order

Slaapy Protoss 

Build Orders:  

Get SALT Encoding   

  12  0:01  Probe  
  13  0:14  Pylon  
  13  0:18  Probe  
  14  0:32  Probe (Chrono Boost)  
  14  0:34  Gateway  
  15  0:44  Probe (Chrono Boost)  
  16  0:52  Probe (Chrono Boost), Assimilator  
  17  1:03  Pylon  
  17  1:04  Probe  
  18  1:16  Probe  
  19  1:25  Cybernetics Core  
  19  1:28  Probe  
  19  1:29  Zealot  
  22  1:43  Assimilator  
  22  1:44  Gateway  
  22  1:45  Probe  
  22  1:58  Probe  
  23  2:02  Stalker, Warp Gate (Chrono Boost)  
  25  2:09  Pylon  
  25  2:15  Probe  
  26  2:25  Gateway  
  26  2:27  Probe  
  27  2:35  Stalker  
  29  2:45  Pylon  
  29  2:49  Probe  
  30  3:01  Probe  
  30  3:03  Stalker  
  33  3:22  Probe  
  34  3:38  Mothership Core  
  34  3:39  Stalker x2  
  40  4:02  Pylon  
  40  4:13  Stalker x3  
  41  4:35  Probe (Chrono Boost)  
  35  4:44  Stalker x2  
  35  4:45  Probe (Chrono Boost)  
  33  4:52  Probe  
  32  5:08  Probe  
  33  5:17  Pylon  
  33  5:18  Stalker  
  33  5:20  Probe  
  34  5:32  Probe (Chrono Boost)  
  33  5:40  Robotics Facility  
  33  5:44  Probe (Chrono Boost)  
  32  5:56  Zealot x2  
  36  5:57  Sentry  
  36  6:02  Probe (Chrono Boost)  
  39  6:14  Probe (Chrono Boost)  
  40  6:24  Sentry  
  42  6:26  Sentry x2  
  42  6:32  Immortal (Chrono Boost)  
  50  6:38  Pylon  
  50  6:47  Pylon  
  50  7:04  Immortal (Chrono Boost)  
  54  7:30  Nexus  
  54  7:35  Stalker  
  53  7:52  Forge  
  53  8:00  Observer (Chrono Boost)  
  53  8:05  Pylon  
  54  8:13  Probe (Chrono Boost)  
  54  8:14  Twilight Council  
  55  8:23  Probe (Chrono Boost)  
  56  8:27  Protoss Ground Weapons Level 1 (Chrono Boost)  
  56  8:32  Photon Cannon  
  56  8:53  Probe  
  57  8:57  Probe  
  58  9:05  Probe  
  58  9:06  Blink (Chrono Boost)  
  58  9:09  Probe  
  60  9:17  Probe  
  60  9:21  Probe, Zealot x2  
  66  9:28  Zealot  
  68  9:39  Probe (Chrono Boost)  
  68  9:40  Probe (Chrono Boost)  
  70  9:49  Probe (Chrono Boost)  
  71  9:52  Gateway  
  71  9:57  Gateway  
  71  9:59  Probe  
  72  10:02  Probe  
  73  10:16  Probe (Chrono Boost)  
  73  10:19  Assimilator  
  75  10:21  Protoss Ground Weapons Level 2 (Chrono Boost)  
  75  10:22  Probe (Chrono Boost), Assimilator  
  75  10:25  Pylon  
  75  10:30  Probe (Chrono Boost)  
  75  10:33  Probe  
  77  10:41  Probe  
  78  10:49  Robotics Bay  
  78  10:55  Probe (Chrono Boost)  
  78  10:56  Probe (Chrono Boost), Pylon  
  80  11:21  Probe (Chrono Boost)  
  80  11:25  Probe (Chrono Boost)  
  82  11:31  Probe (Chrono Boost)  
  84  11:34  Probe (Chrono Boost)  
  84  11:38  Probe  
  84  11:39  Extended Thermal Lance  
  85  11:40  Colossus (Chrono Boost)  
  85  11:44  Probe  
  85  11:46  Stalker  
  94  11:47  Stalker  
  97  12:01  Probe x2  
  98  12:13  Probe x2  
  100  12:21  Nexus  
  100  12:22  Pylon  
  100  12:24  Assimilator  
  100  12:28  Assimilator  
  100  12:33  Pylon  
  100  12:39  Pylon  
  100  12:47  Observer (Chrono Boost)  
  101  13:12  Nexus  
  101  13:18  Photon Cannon  
  101  13:20  Stalker x5  
  101  13:21  Photon Cannon  
  101  13:26  Protoss Ground Weapons Level 3 (Chrono Boost)  
  111  13:39  Colossus (Chrono Boost)  
  111  13:40  Pylon  
  117  14:06  Probe x2  
  119  14:18  Probe  
  119  14:19  Gateway  
  119  14:21  Gateway  
  119  14:22  Gateway  
  120  14:26  Probe x2  
  122  14:35  Colossus (Chrono Boost)  
  127  14:50  Robotics Facility  
  127  14:51  Probe  
  127  14:52  Probe x2  
  130  15:19  Stalker x6  
  130  15:20  Stalker x2  
  145  15:32  Pylon  
  145  15:35  Pylon x2  
  145  15:51  Colossus (Chrono Boost)  
  145  15:54  Observer (Chrono Boost)  
  145  15:56  Protoss Ground Armor Level 1 (Chrono Boost)  
  152  16:00  Templar Archives  
  152  16:02  Charge (Chrono Boost)  
  152  16:26  Pylon  
  152  16:27  Pylon  
  152  16:28  Pylon x2  
  151  16:50  Colossus (Chrono Boost)  
  151  16:51  Colossus (Chrono Boost)  
  163  16:59  Nexus  
  163  17:00  Pylon  
  163  17:04  Pylon  
  163  17:07  High Templar x5, Assimilator  
  173  17:11  Archon, Assimilator  
  173  17:12  Archon  
  173  17:13  High Templar  
  175  17:19  Photon Cannon  
  175  17:23  Photon Cannon  
  175  17:25  Photon Cannon  
  175  17:34  Archon  
  175  17:45  Zealot x6  
  175  17:46  Zealot x2  
  191  17:52  Observer (Chrono Boost)  
  191  17:53  Observer (Chrono Boost)  
  113  18:15  Stalker x6  
  113  18:16  Stalker x2  
Show
View Real Time Build Order
Export as new Build Order

AgCl Protoss - Winner!

Build Orders: Oracle Opening, Oracle Opening 

Get SALT Encoding   

  12  0:02  Probe  
  13  0:23  Probe  
  13  0:26  Pylon  
  14  0:30  Assimilator  
  14  0:39  Assimilator  
  14  0:44  Probe (Chrono Boost)  
  15  0:51  Gateway  
  15  0:56  Probe (Chrono Boost)  
  17  1:04  Probe (Chrono Boost)  
  17  1:13  Probe (Chrono Boost)  
  18  1:22  Probe (Chrono Boost)  
  19  1:27  Pylon  
  19  1:30  Probe  
  20  1:48  Cybernetics Core  
  20  1:51  Probe (Chrono Boost)  
  21  2:03  Probe (Chrono Boost)  
  22  2:10  Probe (Chrono Boost)  
  24  2:24  Mothership Core (Chrono Boost)  
  25  2:30  Stargate  
  25  2:32  Pylon  
  25  2:35  Adept  
  25  2:36  Warp Gate (Chrono Boost)  
  27  2:38  Probe (Chrono Boost)  
  28  2:50  Probe  
  29  3:02  Probe  
  30  3:14  Probe, Oracle (Chrono Boost)  
  34  3:24  Gateway x2  
  34  3:28  Pylon  
  34  3:49  Void Ray (Chrono Boost)  
  38  3:56  Robotics Facility  
  38  3:59  Pylon  
  34  4:24  Void Ray (Chrono Boost)  
  38  4:33  Stalker  
  38  4:34  Stalker x2  
  40  4:50  Immortal (Chrono Boost)  
  44  4:57  Zealot  
  44  4:58  Zealot  
  48  5:19  Mothership Core  
  50  5:23  Immortal (Chrono Boost)  
  52  5:40  Probe  
  53  5:55  Gateway  
  53  5:57  Pylon  
  53  6:02  Observer (Chrono Boost)  
  54  6:14  Gateway  
  54  6:15  Pylon  
  54  6:16  Forge  
  54  6:29  Twilight Council  
  54  6:39  Nexus  
  54  6:53  Protoss Ground Weapons Level 1 (Chrono Boost)  
  54  6:56  Probe, Photon Cannon  
  55  7:12  Observer  
  55  7:15  Dark Shrine  
  56  7:16  Probe (Chrono Boost)  
  57  7:25  Probe (Chrono Boost)  
  58  7:30  Assimilator  
  58  7:33  Probe, Assimilator  
  58  7:36  Pylon  
  59  7:43  Void Ray (Chrono Boost)  
  60  7:46  Probe  
  61  7:57  Gateway  
  61  8:04  Pylon  
  61  8:07  Probe (Chrono Boost)  
  63  8:15  Probe (Chrono Boost)  
  63  8:18  Probe (Chrono Boost)  
  65  8:29  Dark Templar  
  65  8:30  Dark Templar  
  68  8:38  Charge (Chrono Boost)  
  66  8:47  Probe (Chrono Boost)  
  66  8:48  Probe (Chrono Boost)  
  69  8:58  Probe (Chrono Boost)  
  69  8:59  Probe (Chrono Boost)  
  69  9:00  Protoss Ground Weapons Level 2 (Chrono Boost)  
  70  9:03  Pylon  
  70  9:05  Probe  
  70  9:08  Probe  
  72  9:26  Nexus  
  72  9:28  Probe (Chrono Boost)  
  72  9:29  Protoss Air Weapons Level 1  
  72  9:30  Probe (Chrono Boost), Pylon  
  75  9:39  Probe (Chrono Boost)  
  75  9:41  Probe (Chrono Boost)  
  76  9:47  Probe x2  
  78  9:56  Fleet Beacon  
  78  9:59  Probe  
  79  10:00  Probe  
  79  10:03  Dark Templar  
  82  10:09  Pylon  
  82  10:11  Probe  
  83  10:16  Probe  
  84  10:22  Pylon  
  84  10:23  Probe  
  84  10:27  Phoenix (Chrono Boost)  
  84  10:28  Probe  
  88  10:30  Carrier (Chrono Boost)  
  88  10:44  Probe (Chrono Boost)  
  88  10:47  Assimilator  
  95  10:50  Assimilator  
  95  10:56  Probe x2 (Chrono Boost)  
  98  10:57  Probe (Chrono Boost)  
  98  11:01  Photon Cannon  
  98  11:10  Photon Cannon  
  98  11:13  Pylon  
  98  11:27  Carrier (Chrono Boost)  
  98  11:32  Pylon  
  98  11:38  Protoss Ground Weapons Level 3  
  98  11:41  Stargate  
  98  11:43  Pylon, Stargate  
  98  11:46  Protoss Air Weapons Level 2 (Chrono Boost)  
  104  12:03  Nexus  
  104  12:09  Gateway  
  104  12:13  Gateway  
  104  12:21  Carrier (Chrono Boost)  
  110  12:38  Gateway  
  110  12:41  Pylon  
  110  12:44  Gateway, Dark Templar  
  110  12:46  Dark Templar  
  110  12:47  Photon Cannon  
  110  12:50  Carrier (Chrono Boost)  
  114  12:51  Zealot  
  114  12:52  Zealot  
  114  12:53  Carrier (Chrono Boost)  
  120  13:15  Carrier (Chrono Boost)  
  126  13:25  Archon x2  
  132  13:40  Probe x2  
  136  13:42  Carrier (Chrono Boost)  
  136  13:43  Assimilator  
  136  13:48  Assimilator  
  146  14:11  Protoss Air Weapons Level 3 (Chrono Boost)  
  146  14:27  Gateway  
  146  14:29  Pylon  
  146  14:35  Gateway  
  146  14:39  Gateway  
  146  14:40  Gateway  
  146  14:42  Pylon  
  146  14:44  Carrier (Chrono Boost)  
  146  14:48  Gateway  
  146  14:56  Protoss Shields Level 1 (Chrono Boost)  
  146  15:04  Carrier (Chrono Boost)  
  152  15:10  Nexus  
  152  15:14  Pylon  
  158  15:27  Assimilator  
  158  15:32  Assimilator  
  158  15:33  Carrier (Chrono Boost)  
  158  15:34  Pylon  
  156  15:46  Pylon, Carrier (Chrono Boost)  
  156  15:48  Templar Archives  
  156  15:53  Pylon  
  156  15:55  Photon Cannon  
  162  15:57  Pylon  
  168  16:07  Carrier (Chrono Boost)  
  168  16:22  Protoss Air Armor Level 1 (Chrono Boost)  
  174  16:34  Carrier (Chrono Boost)  
  172  16:51  Carrier (Chrono Boost)  
  182  17:21  Robotics Bay  
  182  17:24  Carrier x2 (Chrono Boost)  
  182  17:33  Gateway  
  182  17:36  Gateway  
  182  17:38  Pylon  
  181  18:27  Pylon  
  181  18:30  Probe x2  
Tags
 
Add a new tag
Caveats
  • Supply blocks, unpowered buildings, or Contaminate may cause inaccurate times.
  • Supply counts are checked every 10 seconds.